 Dungeon Crawl Stone Soup version 0.29.1-2-gbd0b4ee654 (webtiles) character file.

Game seed: 16732790889230933539

548 LustLizard the Gusty (level 7, -1/41 HPs)
             Began as an Octopode Air Elementalist on Dec 1, 2022.
             Slain by an iguana (15 damage)
             ... on level 4 of the Dungeon.
             The game lasted 00:07:09 (4318 turns).

LustLizard the Gusty (Octopode Air Elementalist)    Turns: 4318, Time: 00:07:09

Health: -1/41      AC:  1    Str:  7    XL:     7   Next: 28%
Magic:  10/12      EV: 13    Int: 19    God:
Gold:   204        SH:  0    Dex: 13    Spells: 0/12 levels left

rFire   . . .      SeeInvis .   l - +2 falchion (elec)
rCold   . . .      Faith    .   (no shield)
rNeg    . . .      Spirit   .   (helmet restricted)
rPois   .          Reflect  .   (no amulet)
rElec   .          Harm     .   (no ring)
rCorr   .          Rampage  .   (no ring)
Will    .....                   (no ring)
Stlth   ++++......              (no ring)
HPRegen 0.13/turn               (no ring)
MPRegen 0.13/turn               (no ring)
                                (no ring)
                                (no ring)

@: no status effects
A: almost no armour, amphibious, 8 rings, camouflage 1, gelatinous body 1,
(nimble swimmer 1), tentacles
a: no special abilities


You were on level 4 of the Dungeon.
You visited 1 branch of the dungeon, and saw 4 of its levels.

You collected 204 gold pieces.

Inventory:

Hand Weapons
 d - a +2 short sword of venom
 l - a +2 falchion of electrocution (weapon)
Missiles
 e - 5 poisoned darts
 i - 2 throwing nets
Scrolls
 b - a scroll of amnesia {unknown}
 c - a scroll of magic mapping {unknown}
 h - 3 scrolls of teleportation
 j - a scroll of blinking {unknown}
 k - a scroll of torment {unknown}
 m - a scroll of noise {unknown}
 o - a scroll of poison {unknown}
 p - a scroll of identify {unknown}
 q - 2 scrolls of butterflies {unknown}
 r - a scroll of brand weapon {unknown}
Potions
 a - a potion of magic
 f - a potion of ambrosia {unknown}
 g - 2 potions of invisibility {unknown}
 n - 2 potions of curing {unknown}
 s - a potion of degeneration {unknown}


   Skills:
 - Level 2.0 Dodging
 + Level 4.9 Stealth
 + Level 3.3 Spellcasting
 * Level 4.2 Conjurations
 * Level 1.0 Translocations
 * Level 5.2 Air Magic


You couldn't memorise any spells.
You knew the following spells:

 Your Spells              Type           Power      Damage    Failure   Level
a - Shock                 Conj/Air       84%        1d8       2%          1
b - Swiftness             Air            23%        N/A       5%          3
c - Airstrike             Air            11%        2d(2-18)  17%         4
d - Iskenderun's Mystic   Conj/Tloc      13%        2d5       45%         4

Your spell library contained the following spells:

 Spells                   Type           Power      Damage    Failure   Level
 Static Discharge         Conj/Air       21%        3-6/arc   3%          2
 Sandblast                Erth           6%         2d5       14%         1
 Dazzling Flash           Conj/Hex       22%        N/A       19%         3
 Stone Arrow              Conj/Erth      22%        3d8       19%         3
 Passwall                 Tmut/Erth      2%         N/A       22%         2
 Frozen Ramparts          Ice            6%         1d1       41%         3
 Animate Dead             Necr           3%         N/A       82%         4
 Ice Form                 Ice/Tmut       3%         N/A       82%         4
 Summon Ice Beast         Ice/Summ       3%         N/A       82%         4
 Borgnjor's Vile Clutch   Necr/Erth      1%         N/A       99%         5
 Death Channel            Necr           1%         N/A       100%        6
 Starburst                Conj/Fire      5%         6d4       100%        6


Dungeon Overview and Level Annotations

Branches:
Dungeon (4/15)
 Temple: D:4-7

Altars:
Zin

Annotations:
D:4 4 runed translucent doors, Crazy Yiuf; mintfox's ghost, amateur TeGl


Innate Abilities, Weirdness & Mutations

You cannot wear most types of armour.
You are amphibious.
You can wear up to eight rings at the same time.
Your skin changes colour to match your surroundings (Stealth+).
Your rubbery body absorbs attacks. (AC +1, EV +1)
((You are camouflaged when in or above water. (Stealth+)))
You have tentacles for arms and can constrict up to eight enemies at once.


Message History

You kill the kobold!
You can't see any susceptible monsters within range! (Use Z to cast anyway.)
A jackal comes into view.
The zap hits the jackal!
You kill the jackal!
Your Translocations skill increases to level 1!
You can't see any susceptible monsters within range! (Use Z to cast anyway.)
An iguana comes into view.
The zap hits the iguana.
The iguana is lightly wounded.
You can't see any susceptible monsters within range! (Use Z to cast anyway.)
Aiming: Shock (safe; 2% risk of failure)
Press: ? - help, Q - select action, (/) - cycle Shift-Dir - straight line, f/p - iguana
Aim: an iguana (lightly wounded, 77% to hit)
The zap misses the iguana.
The endoplasm quivers.
A phantom comes into view.
Aiming: Shock (safe; 2% risk of failure)
Press: ? - help, Q - select action, (/) - cycle Shift-Dir - straight line, f/p - iguana
Aim: an iguana (lightly wounded, 77% to hit)
The zap hits the iguana.
The iguana is moderately wounded.
The zap hits the iguana.
The iguana is severely wounded.
You hit the phantom.
The phantom is lightly damaged.
The phantom misses you. x2
You barely miss the phantom. Your squeeze misses the phantom.
The phantom is lightly damaged.
The phantom hits you!
You barely miss the iguana. You grab the iguana.
You squeeze the iguana, but do no damage.
The iguana is severely wounded.
You constrict the iguana, but do no damage.
The iguana bites you! The phantom hits you.
You hit the iguana.
The iguana is almost dead.
You constrict the iguana, but do no damage.
The phantom hits you. The iguana closely misses you. The iguana bites you!
You die...

h#.###### #. #..# #hO...#.#
#. #.†###### #..########## .
#.......####)#..#.....## #
###........#.............##
## .......##
#...............# #.
........###...............#
##.
........##......W.........###
#.#
.........).....l@...........#
##.
............................#
#..
......)...#########.........#
#..
..........#.JhoW..#.........#
#..
.......#..#..#.#..#.........#
##.
..........+.[.#...#..###....#
#.
##.....#..+.....$.#..###.####
##. #........+...#.$o#...##.#
#..
##........#..#.#..#......##
#.#


You could see a phantom, an iguana, an orc wizard, mintfox's ghost, an endoplasm
and a jackal.

Vanquished Creatures
  2 ogres (D:4)
  A phantom (D:4)
  3 wights (D:4)
  2 hounds (D:4)
  3 adders (D:4)
  A worm (D:2)
  3 dart slugs
  An orc (D:4)
  7 ball pythons
  5 endoplasms
  3 giant cockroaches
  6 goblins
  6 hobgoblins
  3 jackals (D:4)
  3 kobolds
  2 quokkas
  7 bats
  6 rats
64 creatures vanquished.

Notes
Turn   | Place    | Note
-------+----------+-------------------------------------------
     0 | D:1      | LustLizard the Octopode Air Elementalist began the quest
                  | for the Orb.
     0 | D:1      | Reached XP level 1. HP: 11/11 MP: 3/3
   222 | D:1      | Reached XP level 2. HP: 17/17 MP: 0/5
   505 | D:1      | Found a faded altar of an unknown god.
   787 | D:1      | Reached XP level 3. HP: 16/21 MP: 0/6
  1049 | D:2      | Learned a level 3 spell: Swiftness
  1397 | D:2      | Found a glowing silver altar of Zin.
  2729 | D:3      | Reached XP level 4. HP: 27/27 MP: 4/7
  2969 | D:4      | Noticed a phantom
  3019 | D:4      | Noticed an ogre
  3028 | D:4      | Killed an ogre
  3029 | D:4      | Reached skill level 4 in Air Magic
  3029 | D:4      | Reached XP level 5. HP: 8/31 MP: 2/9
  3376 | D:4      | Killed a phantom
  3377 | D:4      | Reached XP level 6. HP: 29/36 MP: 5/10
  3711 | D:4      | Found a runed translucent gate.
  3711 | D:4      | Found a runed translucent gate.
  3739 | D:4      | Found a runed translucent gate.
  3861 | D:4      | Noticed mintfox's ghost (amateur TeGl)
  3888 | D:4      | Reached skill level 5 in Air Magic
  3996 | D:4      | Reached XP level 7. HP: 39/41 MP: 7/11
  4001 | D:4      | Learned a level 4 spell: Airstrike
  4050 | D:4      | Learned a level 4 spell: Iskenderun's Mystic Blast
  4150 | D:4      | Found a runed translucent door.
  4151 | D:4      | Noticed Crazy Yiuf
  4284 | D:4      | Reached skill level 1 in Translocations
  4318 | D:4      | Slain by an iguana

Illustrated notes

Levels and vault maps discovered:
D:1:      matt_arrival_los_fun, layout_rooms,
          chequers_ecumenical_altar_simple_redux, grunt_decor_mini_mirrors,
          grunt_decor_arrowhead, moated_statue
D:2:      layout_basic, basic_altar
D:3:      layout_basic
D:4:      minmay_angry_zag, layout_rooms, gammafunk_ghost_split,
          uniq_crazy_yiuf_cottage

Skill      XL: |  1  2  3  4  5  6  7 |
---------------+----------------------+-----
Stealth        | 3 4 |  4.9
Conjurations   | 2 3 4 |  4.2
Air Magic      | 4 5 |  5.2
Spellcasting   | 3 |  3.3
Translocations | 1 |  1.0
Dodging        | |  2.0

Action                   |  1- 3 |  4- 6 |  7- 9 || total
-------------------------+-------+-------+-------++-------
Melee: Constrict         |     8 |     2 |     1 ||    11
       Unarmed           |     4 |       |       ||     4
       Short sword       |    14 |       |       ||    14
       Tentacles         |     3 |     2 |     1 ||     6
       Falchion          |     2 |    16 |     7 ||    25
 Cast: Shock             |    82 |    44 |    19 ||   145
  Use: Scroll            |       |     1 |       ||     1
 Stab: Sleeping          |     1 |     1 |       ||     2
Armor: Skin              |     4 |     2 |       ||     6
Dodge: Dodged            |    14 |     9 |     5 ||    28
